Map: Tourmaline LE

Players

PATTQUARTIER

  • Race: Protoss Protoss
  • League: Master
  • Spawn Location: 1:00

HoldTheDoor - Winner!

  • Race: Protoss Protoss
  • League: Diamond
  • Spawn Location: 7:00

VOD

Have the link to the VOD?

Description

Time

  • Played on: May 14, 2026, 1:32 p.m.
  • Length: 4:43
Show
View Real Time Build Order
Export as new Build Order

PATTQUARTIER Protoss 

Build Orders: Cannon Rush 

Get SALT Encoding   

  12  0:00  Probe  
  13  0:12  Probe  
  14  0:17  Pylon  
  14  0:24  Probe  
  15  0:39  Forge  
  15  0:58  Pylon  
  15  1:00  Pylon  
  15  1:01  Pylon  
  15  1:17  Photon Cannon  
  15  1:23  Photon Cannon  
  15  1:43  Photon Cannon  
  15  1:46  Pylon  
  14  1:55  Assimilator  
  14  1:56  Probe  
  15  2:08  Probe  
  15  2:14  Gateway  
  15  2:20  Probe  
  16  2:28  Assimilator  
  16  2:32  Probe  
  17  2:41  Probe  
  17  2:46  Pylon  
  17  2:49  Probe  
  19  2:59  Probe  
  19  3:00  Cybernetics Core  
  20  3:11  Probe  
  21  3:23  Probe  
  22  3:35  Probe  
  22  3:37  Stargate  
  23  3:41  Stalker  
  25  3:49  Pylon  
  25  4:06  Pylon  
  25  4:08  Photon Cannon  
  25  4:28  Pylon  
  25  4:29  Pylon  
Show
View Real Time Build Order
Export as new Build Order

HoldTheDoor Protoss - Winner!

Build Orders:  

Get SALT Encoding   

  12  0:00  Probe  
  13  0:12  Probe  
  14  0:17  Pylon  
  14  0:23  Probe  
  15  0:32  Probe  
  15  0:39  Gateway  
  15  0:40  Probe  
  16  0:49  Assimilator  
  17  1:04  Probe  
  18  1:30  Zealot  
  15  2:18  Cybernetics Core  
  15  2:21  Probe  
  16  2:31  Probe  
  17  2:39  Probe  
  18  2:46  Pylon  
  18  2:47  Assimilator, Probe  
  18  2:51  Warp Gate, Stalker  
  21  3:08  Gateway  
  21  3:10  Probe  
  22  3:22  Stalker, Probe  
  25  3:34  Probe  
  26  3:46  Probe  
  27  4:02  Probe  
  28  4:14  Probe  
Tags
 
Matchup
PvP
Replay Pack
SC2Mai2026
Spawn Locations
Cross Positions
Add a new tag
Caveats
  • Supply blocks, unpowered buildings, or Contaminate may cause inaccurate times.
  • Supply counts are checked every 10 seconds.